 Dungeon Crawl Stone Soup version 0.26.0-57-g60708a5e39 (webtiles) character file.

Game seed: 10319188263486211359

305 Eurus the Insei (level 6, -6/50 HPs)
             Began as a Draconian Transmuter on Feb 1, 2021.
             Killed by divine providence
             ... invoked by an orc priest
              (14 damage)
             ... on level 4 of the Dungeon.
             The game lasted 00:07:43 (3757 turns).

Eurus the Insei (Draconian Transmuter)              Turns: 3757, Time: 00:07:44

Health: -6/50      AC:  6    Str: 12    XL:     6   Next: 16%
Magic:  10/10      EV: 13    Int: 15    God:
Gold:   136        SH:  0    Dex: 12    Spells: 8/11 levels left

rFire    . . .     SeeInvis .     - Unarmed
rCold    . . .     Faith    .   (no shield)
rNeg     . . .     Spirit   .   (armour unavailable)
rPois    .         Reflect  .   (helmet restricted)
rElec    .         Harm     .   (no cloak)
rCorr    .         Rampage  .   (no gloves)
Will     .....                  (no boots)
Stlth    +.........             (no amulet)
HPRegen  0.16/turn              (no ring)
MPRegen  0.12/turn              (no ring)

@: no status effects
A: unfitting armour, cold-blooded, AC +6
a: no special abilities


You were on level 4 of the Dungeon.
You visited 1 branch of the dungeon, and saw 4 of its levels.

You collected 136 gold pieces.

Inventory:

Jewellery
 d - a +6 ring of strength {unknown}
Scrolls
 b - 3 scrolls of enchant armour {unknown}
 e - 3 scrolls of remove curse {unknown}
 f - 2 scrolls of identify {unknown}
 g - a scroll of blinking {unknown}
 k - a scroll of fog {unknown}
 l - a scroll of teleportation {unknown}
Potions
 a - a potion of lignification {unknown}
 c - a potion of invisibility {unknown}
 h - a potion of ambrosia {unknown}
 i - 2 potions of curing
 j - a potion of flight {unknown}


   Skills:
 + Level 2.4 Fighting
 + Level 2.9 Dodging
 - Level 0.2 Stealth
 + Level 4.5 Unarmed Combat
 + Level 3.2 Spellcasting
 + Level 3.2 Transmutations


You had 8 spell levels left.
You knew the following spells:

 Your Spells              Type           Power        Failure   Level
a - Beastly Appendage     Tmut           24%          5%          1
b - Wereblood             Tmut           12%          8%          2

Your spell library contained the following spells:

 Spells                   Type           Power        Failure   Level
 Spider Form              Tmut/Pois      3%           30%         3
 Ice Form                 Ice/Tmut       7%           69%         4
 Blade Hands              Tmut           6%           82%         5


Dungeon Overview and Level Annotations

Branches:
Dungeon (4/15)
 Temple: D:4-7

Altars:
Elyvilon
Makhleb
Qazlal
Trog
Wu Jian

Annotations:
D:3 exclusion: moth of wrath


Innate Abilities, Weirdness & Mutations

Your plain brown scales are hard. (AC +6)
You cannot fit into any form of body armour.
You are cold-blooded and may be slowed by cold attacks.


Message History

You hit the orc priest.
The orc priest is moderately wounded.
The orc priest barely misses you. The adder barely misses you.
You closely miss the orc priest.
The orc priest is moderately wounded.
The adder bites you but does no damage. The orc priest closely misses you.
You closely miss the orc priest.
You tail-slap the orc priest, but do no damage.
The orc priest is moderately wounded.
The adder bites you but does no damage.
The orc priest hits you but does no damage.
Unknown command.
Unknown command.
Unknown command.
You hit the orc priest.
The orc priest is severely wounded.
The adder closely misses you.
The orc priest invokes the aid of Beogh against you.
Beogh smites you!
You die...

....##### ###.......#
#...#>## .####...##
#.#.†..# .........
#...#<.##......... #.
.##..#)†........... .
#...........####.h.##
# ##........S## #....
# #..#....o@#
#...####.## ######
#.###...!.# #<...s..#
......... #.......
#.####..# .......
.......... #.# ......
.#.#........ #.#
...... #.#.###.....
#.# ..##. . #.
#.....# #.# ?....# #
####### #.. #.####
###


You could see an orc priest and an adder.

Vanquished Creatures
  2 scorpions (D:4)
  A howler monkey (D:4)
  2 hounds (D:3)
  4 gnolls (D:2)
  An adder (D:4)
  2 worms
  A dart slug (D:1)
  A leopard gecko (D:2)
  3 orcs
  2 ball pythons
  A giant cockroach (D:1)
  4 goblins
  A hobgoblin (D:1)
  3 jackals (D:2)
  8 kobolds
  3 bats
  3 frilled lizards
  10 rats
52 creatures vanquished.

Vanquished Creatures (others)
  2 plants (D:1)
2 creatures vanquished.

Grand Total: 54 creatures vanquished

Notes
Turn   | Place    | Note
-------+----------+-------------------------------------------
     0 | D:1      | Eurus the Draconian Transmuter began the quest for the Orb.
     0 | D:1      | Reached XP level 1. HP: 16/16 MP: 3/3
   359 | D:1      | Reached XP level 2. HP: 21/23 MP: 3/5
  1027 | D:2      | Found a white marble altar of Elyvilon.
  1169 | D:2      | Reached XP level 3. HP: 26/28 MP: 3/6
  1172 | D:2      | Learned a level 2 spell: Wereblood
  1881 | D:2      | Reached skill level 4 in Unarmed Combat
  1881 | D:2      | Reached XP level 4. HP: 21/35 MP: 7/7
  2120 | D:3      | Found an ornate altar of the Wu Jian Council.
  2317 | D:3      | Found a stormy altar of Qazlal.
  2319 | D:3      | Noticed a fire elemental
  2320 | D:3      | Noticed a water elemental
  2320 | D:3      | Noticed an earth elemental
  2320 | D:3      | Noticed an air elemental
  2415 | D:3      | Noticed a moth of wrath
  2418 | D:3      | Found a bloodstained altar of Trog.
  2618 | D:3      | Found a burning altar of Makhleb.
  3396 | D:3      | Reached XP level 5. HP: 16/41 MP: 6/9
  3746 | D:4      | Reached XP level 6. HP: 5/50 MP: 10/10
  3757 | D:4      | Killed from afar by an orc priest

Illustrated notes

Levels and vault maps discovered:
D:1:      scummos_arrival_forest, layout_loops_ring, chequers_big_river
D:2:      layout_rooms, old_standard_altar
D:3:      layout_loops_ring, makhleb_blood_cavern_becter, marbit_many_paths,
          nicolae_qazlal_style_of_elements, tgw_trog
D:4:      minmay_angry_zag, layout_loops_cross, uniq_grinder

Skill      XL: |  1  2  3  4  5 |
---------------+----------------+-----
Dodging        | 2 |  2.9
Unarmed Combat | 4 |  4.5
Fighting       | 2 |  2.4
Spellcasting   | 3 |  3.2
Transmutations | 3 |  3.2
Stealth        | |  0.2

Action                   |  1- 3 |  4- 6 || total
-------------------------+-------+-------++-------
Melee: Unarmed           |    97 |    95 ||   192
       Headbutt          |     8 |     6 ||    14
       Tailslap          |     5 |     9 ||    14
       Kick              |     9 |     9 ||    18
       Punch             |       |     1 ||     1
 Cast: Beastly Appendage |    16 |     8 ||    24
       Wereblood         |       |     4 ||     4
  Use: Potion            |       |     2 ||     2
Armor: Skin              |    23 |    29 ||    52
Dodge: Dodged            |    57 |    61 ||   118
